 Dungeon Crawl Stone Soup version 0.21-a0-538-gd16b88a (webtiles) character file.

88 slep the Skirmisher (level 4, -1/37 HPs)
             Began as a Demonspawn Fighter on Dec 17, 2017.
             Slain by a hound (4 damage)
             ... on level 2 of the Dungeon.
             The game lasted 00:04:43 (1507 turns).

slep the Skirmisher (Demonspawn Fighter)            Turns: 1507, Time: 00:04:44

Health: -1/37      AC:  3    Str: 17    XL:     4   Next: 30%
Magic:  13/13      EV: 11    Int:  9    God:
Gold:   137        SH:  0    Dex: 13    Spells: 3/3 levels left

rFire    . . .     SeeInvis .   a - +0 war axe
rCold    . . .     Gourm    .   (no shield)
rNeg     . . .     Faith    .   h - -1 leather armour (curse)
rPois    .         Spirit   .   p - +0 helmet
rElec    .         Reflect  .   (no cloak)
rCorr    .         Harm     .   (no gloves)
MR       .....                  (no boots)
Stlth    +.........             e - amulet of magic regeneration
HPRegen  0.12/turn              l - ring of magical power
MPRegen  0.38/turn              (no ring)

@: no status effects
A: hooves 1
a: no special abilities


You were on level 2 of the Dungeon.
You were not hungry.

You visited 1 branch of the dungeon, and saw 2 of its levels.

You collected 137 gold pieces.

Inventory:

Hand Weapons
 a - a +0 war axe (weapon)
Armour
 b - a +0 scale mail
 h - a cursed -1 leather armour (worn)
 p - a +0 helmet (worn)
Jewellery
 e - an amulet of magic regeneration (around neck)
 l - a ring of magical power (left hand)
Scrolls
 g - 2 scrolls of amnesia {unknown}
 j - a scroll of immolation {unknown}
 m - a scroll of magic mapping {unknown}
 o - a scroll of remove curse {unknown}
 q - a scroll of teleportation {unknown}
Potions
 c - 2 potions of mutation {unknown}
 d - a potion of might
 i - a potion of degeneration {unknown}
Comestibles
 f - 3 bread rations
 k - a meat ration


   Skills:
 + Level 3.9 Fighting
 + Level 2.5 Axes
 + Level 3.3 Armour
 + Level 0.4 Dodging
 + Level 0.7 Stealth
   Level 2.6 Shields


You had 3 spell levels left.
You didn't know any spells.

Dungeon Overview and Level Annotations

Branches:
Dungeon (2/15)

Altars:


Innate Abilities, Weirdness & Mutations

You have large cloven feet.


Message History

* * * LOW HITPOINT WARNING * * *
The hound bites you but does no damage.
You barely miss the hound. You kick the hound, but do no damage.
The hound is severely wounded.
The hound bites you.
* * * LOW HITPOINT WARNING * * *
The hound bites you.
* * * LOW HITPOINT WARNING * * *
You barely miss the hound. Your kick misses the hound.
The hound is severely wounded.
The hound completely misses you. x2
You closely miss the hound.
The hound is severely wounded.
The hound bites you.
* * * LOW HITPOINT WARNING * * *
The hound misses you.
You barely miss the hound. Your kick misses the hound.
The hound is severely wounded.
The hound misses you. The hound bites you.
You die...

#.# #.......#.#.######
#.###..#.#..#.#.###...
#...........÷.......##
#####..###......#####
#............... .
#.#######.######## #.#
#.# ######.# #.#
#....h@# #+# #.###.†#
#..# #.## .. ... ...
#..#


You could see a hound.

Vanquished Creatures
  Robin (D:2)
  An adder (D:2)
  An ooze (D:1)
  3 dart slugs
  A giant cockroach (D:2)
  17 goblins
  7 hobgoblins
  3 jackals (D:1)
  9 kobolds
  5 bats (D:1)
  3 frilled lizards (D:1)
  5 rats (D:1)
56 creatures vanquished.

Notes
Turn   | Place    | Note
-------+----------+-------------------------------------------
     0 | D:1      | slep the Demonspawn Fighter began the quest for the Orb.
     0 | D:1      | Reached XP level 1. HP: 18/18 MP: 1/1
    92 | D:1      | Gained mutation: You have large cloven feet. [demonic ancestry]
    92 | D:1      | Reached XP level 2. HP: 24/24 MP: 2/2
   461 | D:1      | Reached XP level 3. HP: 27/29 MP: 3/3
  1260 | D:2      | Noticed Robin
  1263 | D:2      | Reached XP level 4. HP: 28/37 MP: 4/4
  1271 | D:2      | Killed Robin
  1507 | D:2      | Slain by a hound

Vault maps used:
D:1:      dpeg_arrival_renting, serial_bayou_crossing
D:2:      uniq_robin

Skill      XL: |  1  2 |
---------------+-------+-----
Armour         | 3 |  3.3
Axes           | 2 |  2.5
Fighting       | |  3.9
Dodging        | |  0.4
Stealth        | |  0.7
Shields        | |  2.6

Action                   |  1- 3 |  4- 6 || total
-------------------------+-------+-------++-------
Melee: War axe           |    90 |    20 ||   110
       Kick              |    18 |     5 ||    23
  Eat: Chunk             |     1 |     1 ||     2
Armor: Scale mail        |    35 |       ||    35
       Leather armour    |    11 |     7 ||    18
Dodge: Dodged            |    54 |    18 ||    72

Table legend:
 A = Spawn XP
 B = Non-spawn XP
 C = Spawn XP percentage of total XP
 D = Spawn monster count
 E = Non-spawn monster count
 F = Spawn count percentage of total count
 G = Total turns spent on level
                    A         B        C        D         E        F      G
               +---------+---------+-------+---------+---------+-------+---------
         Total |       0 |     127 |   0.0 |       0 |      56 |   0.0 |  1507
               +---------+---------+-------+---------+---------+-------+---------
           D:1 |       0 |      57 |   0.0 |       0 |      33 |   0.0 |   979
           D:2 |       0 |      70 |   0.0 |       0 |      23 |   0.0 |   528
               +---------+---------+-------+---------+---------+-------+---------
